 Dungeon Crawl Stone Soup version 0.18-a0-1778-gadce9fa (webtiles) character file.

24772 dobroeutro the Blocker (level 13, -7/86 HPs)
             Began as a Gargoyle Fighter on Apr 16, 2016.
             Was the Champion of Okawaru.
             Mangled by a nine-headed hydra (10 damage)
             ... on level 2 of the Lair of Beasts.
             The game lasted 00:36:36 (12904 turns).

dobroeutro the Blocker (Gargoyle Fighter)          Turns: 12904, Time: 00:36:37

Health: -7/86      AC: 31    Str: 20    XL:     13   Next: 15%
Magic:  22/22      EV: 16    Int: 11    God:    Okawaru [******]
Gold:   827        SH:  0    Dex: 19    Spells: 0 memorised, 12 levels left

rFire  + + +     SeeInvis +     U - +6 morningstar "Degileore" {crush, Dex+4}
rCold  x . .     Gourm    .     W - +6 scale mail of Servitude {rF+ rC- MP+9 SInv}
rNeg   + . .     Faith    .     (no shield)
rPois  ∞         Spirit   .     (no helmet)
rElec  +         Dismiss  .     D - +0 cloak
rCorr  .         Reflect  .     T - +2 pair of gloves
SustAt .         Harm     .     a - +0 pair of boots (curse)
MR     .....     Rnd*Tele +     s - amulet of regeneration
Stlth  +.........               X - ring "Buemp" {*Tele *Drain +Fly rF+++ Str-2}
                                L - +3 ring of slaying

@: confused, agile, very slightly contaminated, not resistant to hostile
enchantments, very unstealthy
A: negative energy resistance 1, electricity resistance, unbreathing,
petrification resistance, rot immunity, AC +9
a: Heroism, Finesse, Renounce Religion, Evoke Flight


You were on level 2 of the Lair of Beasts.
You worshipped Okawaru.
Okawaru was exalted by your worship.
You were not hungry.

You visited 3 branches of the dungeon, and saw 17 of its levels.

You collected 827 gold pieces.

Inventory:

Hand Weapons
 b - the +12 Glaive of Prune {chop}
   (You found it on level 12 of the Dungeon)

   It inflicts extra damage upon your enemies.
 d - a +6 morningstar of holy wrath
 U - the +6 morningstar "Degileore" (weapon) {crush, Dex+4}
   (Okawaru gifted it to you on level 1 of the Lair of Beasts)

   It inflicts extra damage upon your enemies.
   It affects your dexterity (+4).
Missiles
 q - 10 javelins (quivered)
Armour
 a - a cursed +0 pair of boots (worn)
 c - a +1 shield
 w - the +0 ring mail "Sohidum" {rN+ rCorr}
   (You found it on level 4 of the Dungeon)

   It protects you from negative energy.
   It protects you from acid and corrosion.
 D - a +0 cloak (worn)
 G - a +1 ring mail of cold resistance
 T - a +2 pair of gloves (worn)
 W - the +6 scale mail of Servitude (worn) {rF+ rC- MP+9 SInv}
   (You found it on level 10 of the Dungeon)

   It protects you from fire.
   It makes you vulnerable to cold.
   It affects your magic capacity (+9).
   It lets you see invisible.
Jewellery
 s - an amulet of regeneration (around neck)
 B - an uncursed ring of fire
 F - an uncursed amulet of dismissal {unknown}
 H - an uncursed amulet of guardian spirit {unknown}
 J - a cursed amulet of inaccuracy {unknown}
 L - a +3 ring of slaying (left hand)
 M - a +2 ring of evasion
 X - the ring "Buemp" (right hand) {*Tele *Drain +Fly rF+++ Str-2}
   (You found it on level 1 of the Lair of Beasts)

   [ring of teleportation]

   It may teleport you next to monsters.
   It affects your strength (-2).
   It renders you almost immune to fire.
   It lets you fly.
   It causes draining when unequipped.
Wands
 k - a wand of flame (16/48)
 l - a wand of polymorph (12/24)
Scrolls
 e - 3 scrolls of teleportation
 i - 4 scrolls of identify
 j - 4 scrolls of recharging
 m - a scroll of fear
 r - 9 scrolls of remove curse
 y - 3 scrolls of magic mapping
 I - a scroll of blinking
 K - a scroll of fog
Potions
 h - 5 potions of agility
 p - 6 potions of curing
 t - 3 potions of flight
 v - 3 potions of magic
 E - 2 potions of berserk rage {unknown}
 N - 2 potions of resistance {unknown}
 P - a potion of invisibility
 Q - 2 potions of cure mutation {unknown}
 R - a potion of haste {unknown}
 V - a potion of brilliance {unknown}
 Y - a potion of might
 Z - 2 potions of cancellation {unknown}
Comestibles
 f - 7 bread rations
 g - 8 meat rations
 n - 21 chunks of flesh
 u - 7 beef jerkies
 C - 28 fruits
 O - 7 royal jellies


   Skills:
 + Level 12.0 Fighting
 - Level 10.7 Maces & Flails
 + Level 2.3 Polearms
 + Level 12.1 Armour
 + Level 2.0 Dodging
 - Level 0.2 Stealth
 + Level 12.4 Shields


You had 12 spell levels left.
You didn't know any spells.

Dungeon Overview and Level Annotations

Branches:
Dungeon (14/15)            Temple (1/1) D:6            Lair (2/8) D:10
    Orc (0/2) D:11
 Vaults: D:13-14

Altars:
Ashenzari
Cheibriados
Dithmenos
Elyvilon
Fedhas
Gozag
Kikubaaqudgha
Makhleb
Nemelex Xobeh
Okawaru
Pakellas
Qazlal
Ru
Sif Muna
Trog
Vehumet
Xom
Yredelemnul
Zin
The Shining One

Shops:
D:8 :

Portals:
Trove: D:11 (give +2 gold dragon armour)


Innate Abilities, Weirdness & Mutations

You are resistant to torment.
Your stone body is resilient (AC +9).
You are immune to poison.
You resist negative energy.
You are resistant to electric shocks.
You can survive without breathing.
You are immune to petrification.
You are immune to rotting.


Message History

Unknown command.
You bump into the rock wall.
The nine-headed hydra barely misses you.
The nine-headed hydra bites you! The nine-headed hydra bites you.
* * * LOW HITPOINT WARNING * * *
The nine-headed hydra bites you!
* * * LOW HITPOINT WARNING * * *
The nine-headed hydra bites you but does no damage.
The nine-headed hydra bites you!
* * * LOW HITPOINT WARNING * * *
The nine-headed hydra bites you but does no damage.
The nine-headed hydra closely misses you.
The nine-headed hydra misses you.
Drink which item? (? for menu, Esc to quit)
You feel agile all of a sudden. The nine-headed hydra bites you.
* * * LOW HITPOINT WARNING * * *
The nine-headed hydra bites you but does no damage. x3
The nine-headed hydra bites you!
You die...

###P## #.##
#....... .(#
!.##..#.. ..#
....#...# ..#
.......#####.#
##.....##.#..##
..............#
.###.#.##.PD##
##..######@# #.
#..## ### #..
##.# ##.##..##
#.......# .
#.##P...#
..#.###.#.##
.....#...D.#
...#..#...##


You could see a nine-headed hydra.

Vanquished Creatures
  Josephine (D:10)
  A centaur warrior (D:13)
  2 unseen horrors
  A hill giant (D:11)
  Pikel (D:6)
  An orc knight (D:13)
  A manticore (D:12)
  A centaur zombie (D:13)
  A gargoyle (D:11)
  3 spiny frogs (Lair:1)
  2 komodo dragons (Lair:1)
  A kobold demonologist (D:13)
  A queen bee (D:8)
  A two-headed ogre (D:11)
  Prince Ribbit (D:9)
  2 trolls (D:13)
  Grinder (D:3)
  5 slime creatures (D:13)
  Sigmund (D:2)
  3 wraiths (D:10)
  22 yaks
  A vampire (D:13)
  The ghost of skk the Skirmisher, an amateur DrFi (D:4)
  A wyvern (D:11)
  Eustachio (D:6)
  2 hungry ghosts
  7 hippogriffs
  A warg (D:13)
  3 water moccasins
  Duvessa (D:5)
  5 orc warriors
  2 porcupines (Lair:1)
  3 ice beasts
  4 sky beasts
  2 black bears (D:12)
  A wasp (D:11)
  8 ogres
  5 phantoms
  16 centaurs
  8 jellies
  2 crocodiles
  12 big kobolds
  5 giant frogs
  A gnoll sergeant (D:10)
  A wyvern zombie (D:11)
  Dowan (D:5)
  2 troll zombies (D:11)
  4 scorpions
  30 killer bees
  4 wights (D:13)
  5 howler monkeys
  2 electric eels
  A giant frog zombie (D:12)
  6 crimson imps
  7 hounds
  3 centaur skeletons
  7 orc priests
  10 orc wizards
  A giant frog skeleton (D:9)
  Terence (D:2)
  Natasha (thrice) (D:4)
  8 iguanas
  9 worker ants
  4 ogre zombies (D:11)
  A hound skeleton (D:10)
  3 gnolls (D:10)
  6 river rats (Lair:1)
  16 adders
  A shadow imp (D:8)
  An ooze (D:1)
  4 adder skeletons
  3 worms
  A dart slug (D:1)
  2 giant geckos
  35 orcs
  5 giant cockroaches
  10 goblins
  7 hobgoblins
  14 jackals
  6 quokkas
  A ball python (D:6)
  4 bats
  A giant gecko skeleton (D:5)
  5 giant newts
  3 goblin skeletons (D:11)
  A goblin zombie (D:11)
  A hobgoblin skeleton (D:11)
  2 hobgoblin zombies (D:11)
  44 kobolds
  12 orc zombies (D:11)
  2 quokka zombies
  8 rats
453 creatures vanquished.

Vanquished Creatures (others)
  A slave (D:6)
  A fungus (Lair:2)
2 creatures vanquished.

Grand Total: 455 creatures vanquished

Notes
Turn   | Place    | Note
--------------------------------------------------------------
     0 | D:1      | dobroeutro the Gargoyle Fighter began the quest for the Orb.
     0 | D:1      | Reached XP level 1. HP: 14/14 MP: 1/1
   299 | D:1      | Reached XP level 2. HP: 17/19 MP: 2/2
   815 | D:2      | Reached XP level 3. HP: 23/23 MP: 3/3
   835 | D:2      | Noticed Sigmund
   852 | D:2      | Killed Sigmund
   852 | D:2      | Reached XP level 4. HP: 8/30 MP: 4/4
   852 | D:2      | Reached XP level 5. HP: 9/34 MP: 5/5
  1185 | D:2      | Noticed Terence
  1212 | D:2      | Killed Terence
  1213 | D:2      | Reached XP level 6. HP: 31/39 MP: 6/6
  1720 | D:3      | Noticed Grinder
  1722 | D:3      | Paralysed by Grinder for 2 turns
  1739 | D:3      | Paralysed by Grinder for 5 turns
  1748 | D:3      | Paralysed by Grinder for 2 turns
  1756 | D:3      | Paralysed by Grinder for 7 turns
  1763 | D:3      | Killed Grinder
  1763 | D:3      | Reached skill level 5 in Fighting
  1763 | D:3      | Reached skill level 5 in Shields
  1763 | D:3      | Reached XP level 7. HP: 19/44 MP: 7/7
  2126 | D:3      | Reached skill level 5 in Armour
  2189 | D:4      | Got a spiked ring mail
  2200 | D:4      | Identified the cursed +0 ring mail "Sohidum" {rN+ rCorr} (You found it on level 4 of the Dungeon)
  2285 | D:4      | Noticed Natasha
  2292 | D:4      | Killed Natasha
  2330 | D:4      | Noticed skk's ghost (amateur DrFi)
  2605 | D:4      | Killed skk's ghost
  3045 | D:3      | Reached XP level 8. HP: 24/51 MP: 8/8
  3102 | D:4      | Reached skill level 5 in Maces & Flails
  3340 | D:4      | Noticed Natasha
  3363 | D:4      | Killed Natasha
  3422 | D:4      | Noticed Natasha
  3427 | D:4      | Killed Natasha
  3531 | D:5      | Entered Level 5 of the Dungeon
  3643 | D:5      | Noticed Dowan
  3665 | D:5      | Killed Dowan
  3666 | D:5      | Noticed Duvessa
  3682 | D:5      | Killed Duvessa
  3682 | D:5      | Reached XP level 9. HP: 38/56 MP: 9/9
  4672 | D:5      | Found an opulent altar of Gozag.
  4849 | D:6      | Found an ancient bone altar of Kikubaaqudgha.
  4852 | D:6      | Noticed Eustachio
  4913 | D:6      | Killed Eustachio
  4928 | D:6      | Noticed Pikel
  4969 | D:6      | Killed Pikel
  5526 | D:6      | Found a deep blue altar of Sif Muna.
  5597 | D:6      | Found a staircase to the Ecumenical Temple.
  5673 | Temple   | Entered the Ecumenical Temple
  5680 | Temple   | Became a worshipper of Warmaster Okawaru
  5731 | D:6      | Found a stormy altar of Qazlal.
  5734 | D:6      | Found a blossoming altar of Fedhas.
  5738 | D:6      | Found a sparkling altar of Nemelex Xobeh.
  5993 | D:7      | Reached XP level 10. HP: 64/64 MP: 10/10
  6053 | D:7      | Reached * piety under Okawaru
  6473 | D:8      | Found Adeadid's Book Shop.
  6581 | D:8      | Found a shattered altar of Ashenzari.
  6598 | D:8      | Found an oddly glowing altar of Pakellas.
  7042 | D:8      | Reached ** piety under Okawaru
  7971 | D:9      | Noticed Prince Ribbit
  7983 | D:9      | Killed Prince Ribbit
  7992 | D:9      | Noticed a moth of wrath
  7995 | D:9      | Found a bloodstained altar of Trog.
  8105 | D:10     | Entered Level 10 of the Dungeon
  8492 | D:10     | Noticed Josephine
  8524 | D:10     | Reached *** piety under Okawaru
  8859 | D:10     | Reached XP level 11. HP: 72/72 MP: 11/11
  8862 | D:10     | Found a staircase to the Lair.
  9077 | D:10     | Got a translucent scale mail
  9088 | D:10     | Identified the +6 scale mail of Servitude {rF+ rC- MP+9 SInv} (You found it on level 10 of the Dungeon)
  9161 | D:10     | Noticed an unseen horror
  9185 | D:10     | Killed Josephine
  9253 | D:10     | Reached skill level 10 in Shields
  9260 | D:10     | Killed an unseen horror
  9260 | D:10     | Reached **** piety under Okawaru
  9260 | D:10     | Reached skill level 10 in Fighting
  9333 | D:10     | Reached skill level 10 in Armour
  9520 | D:11     | Found a staircase to the Orcish Mines.
  9791 | D:11     | Reached ***** piety under Okawaru
  9898 | D:11     | Received a gift from Okawaru
 10023 | D:11     | Noticed a hill giant
 10032 | D:11     | Killed a hill giant
 10300 | D:11     | Reached XP level 12. HP: 77/79 MP: 12/12
 10484 | D:11     | Found a portal to a secret trove of treasure.
 10729 | D:12     | Found a shadowy altar of Dithmenos.
 11167 | D:12     | Reached skill level 10 in Maces & Flails
 11351 | D:13     | Noticed a centaur warrior
 11359 | D:13     | Killed a centaur warrior
 11601 | D:13     | HP: 4/80 [slime creature (8)]
 11930 | D:13     | Reached ****** piety under Okawaru
 12118 | D:14     | Noticed a soul eater
 12290 | Lair:1   | Entered Level 1 of the Lair of Beasts
 12384 | Lair:1   | Reached skill level 1 in Polearms
 12390 | Lair:1   | Received a gift from Okawaru
 12393 | Lair:1   | Got a faintly glowing morningstar {god gift}
 12394 | Lair:1   | Identified the +6 morningstar "Degileore" {crush, Dex+4} (Okawaru gifted it to you on level 1 of the Lair of Beasts)
 12452 | Lair:1   | Reached skill level 1 in Dodging
 12514 | Lair:1   | Reached XP level 13. HP: 79/85 MP: 13/13
 12549 | Lair:1   | Got a scintillating tin ring
 12554 | Lair:1   | Identified the ring "Buemp" {*Tele *Drain +Fly rF+++ Str-2} (You found it on level 1 of the Lair of Beasts)
 12903 | Lair:2   | HP: 2/86 [nine-headed hydra (9)]
 12904 | Lair:2   | Mangled by a nine-headed hydra

Vault maps used:
D:1:      roderic_dead_forest, minmay_misc_feat_iff
D:2:      uniq_terence, uniq_sigmund
D:3:      uniq_grinder
D:4:      uniq_natasha
D:5:      kennysheep_mini, first_bread, uniq_duvessa
D:6:      marbit_many_paths, old_standard_altar, minitemple, temple_green,
          uniq_pikel, uniq_eustachio
D:8:      overflow_temple_1_default, serial_shops, nicolae_shop_window_shopping,
          basic_altar, david_nohive_1
D:9:      tgw_trog, uniq_prince_ribbit1
D:10:     lair_0_dummy, uniq_josephine
D:11:     zombieorc1_lemuel, nicolae_trove_entry_crossroad,
          grunt_decor_one_mirror
D:12:     stair_cage_cross, grunt_dithmenos_smoke
D:14:     lightli_vaults_fourway_checkpoint, small_statue_intersection,
          nicolae_qazlal_eye_of_the_storm
Temple:   nicolae_temple_no_exploring_needed
Lair:1:   st_stairs_6, minivault_11, guppyfry_lair_drakes, serial_bayou_shore_a,
          lemuel_fruit_fields
Lair:2:   beast_lair_carwin_2, infiniplex_staircase_pool

Skill      XL: |  1  2  3  4  5  6  7  8  9 10 11 12 13 |
---------------+----------------------------------------+-----
Fighting       | 4 5 6 8 9 10 11 12 | 12.0
Maces & Flails | 3 4 6 7 8 9 10 | 10.7
Armour         | 4 5 6 8 9 10 11 12 | 12.1
Shields        | 4 5 6 8 9 11 12 | 12.4
Polearms       | 1 2 |  2.3
Dodging        | 1 2 |  2.0
Stealth        | |  0.2

Action                   |  1- 3 |  4- 6 |  7- 9 | 10-12 | 13-15 || total
-------------------------+-------+-------+-------+-------+-------++-------
Melee: Flail             |    94 |   102 |   648 |   751 |       ||  1595
       Morningstar       |       |       |       |   169 |     2 ||   171
       Glaive            |       |       |       |   233 |    64 ||   297
Throw: Javelin           |     1 |     9 |       |       |       ||    10
Invok: Heroism           |       |       |       |     1 |     1 ||     2
  Use: Scroll            |       |       |     7 |    21 |     1 ||    29
       Potion            |       |       |     1 |     8 |     2 ||    11
 Stab: Distracted        |     1 |       |       |       |       ||     1
  Eat: Chunk             |       |     3 |    10 |    18 |     1 ||    32
       Pizza             |       |       |     3 |       |       ||     3
       Meat ration       |       |       |       |     1 |       ||     1
       Bread ration      |       |       |       |     2 |       ||     2
Armor: Scale mail        |    42 |    61 |   182 |   577 |   148 ||  1010
       Ring mail         |       |       |   125 |   344 |       ||   469
Dodge: Dodged            |    28 |    30 |   221 |   603 |    79 ||   961
Block: Shield            |    51 |    59 |   398 |   769 |       ||  1277
